 Dungeon Crawl Stone Soup version 0.17-a0-854-g4a4ba72 (console) character file.

1264 sose the Transmogrifier (level 8, -3/48 HPs)
             Began as an Octopode Transmuter on Apr 28, 2015.
             Was a Follower of Ru.
             Slain by a spriggan baker
             ... wielding a +0 dagger
              (6 damage)
             ... on level 7 of the Dungeon.
             The game lasted 00:27:43 (10204 turns).

sose the Transmogrifier (Octopode Transmuter)      Turns: 10204, Time: 00:27:43

Health: -3/48      AC:  1    Str:  9    XL:     8   Next: 52%
Magic:  1/11       EV: 12    Int: 21    God:    Ru [*.....]
Gold:   335        SH:  0    Dex: 12    Spells: 4 memorised, 1 level left

rFire  + . .     SeeInvis .     a - arrow
rCold  . . .     Clarity  .     (no shield)
rNeg   . . .     SustAb   .     (helmet restricted)
rPois  .         Gourm    +     i - amulet of the gourmand
rElec  .         Spirit   .     j - +3 ring of intelligence
rCorr  .         Warding  .     k - ring of protection from fire (curse)
rMut   .         Rnd*Tele +     A - ring of teleportation (curse)
MR     .....                    (no ring)
Stlth  ++........               (no ring)
                                (no ring)
                                (no ring)
                                (no ring)

@: not resistant to hostile enchantments, unstealthy
A: almost no armour, amphibious, 8 rings, constrict 8, camouflage 1, gelatinous
body 1, magic vulnerability 1
a: Renounce Religion, Evoke Teleportation


You were on level 7 of the Dungeon.
You worshipped Ru.
Ru was aware of your devotion.
You were full.

You visited 2 branches of the dungeon, and saw 8 of its levels.

You collected 335 gold pieces.

Inventory:

Missiles
 a - an arrow (in tentacle)
 w - 44 stones (quivered)
Jewellery
 i - an amulet of the gourmand (around mantle)
 j - a +3 ring of intelligence (left tentacle)
 k - a cursed ring of protection from fire (right tentacle)
 n - an uncursed ring of fire
 A - a cursed ring of teleportation (on tentacle)
Magical devices
 x - a wand of confusion (29)
 y - a wand of magic darts (25)
Scrolls
 d - a scroll of amnesia
 e - a scroll of magic mapping
 f - 2 scrolls of teleportation
 g - 2 scrolls of fog
 r - a scroll of enchant armour
 z - a scroll of identify
Potions
 o - a potion of curing
 v - 3 potions of berserk rage {unknown}
Books
 b - a book of Changes

   Spells                             Type                      Level
   a - Beastly Appendage              Transmutation                1
   b - Sticks to Snakes               Transmutation                2
   c - Spider Form                    Transmutation/Poison         3
   d - Ice Form                       Ice/Transmutation            4
   e - Blade Hands                    Transmutation                5
 u - a book of Flames

   Spells                             Type                      Level
   a - Flame Tongue                   Conjuration/Fire             1
   b - Throw Flame                    Conjuration/Fire             2
   c - Conjure Flame                  Conjuration/Fire             3
   d - Inner Flame                    Hexes/Fire                   3
   e - Sticky Flame                   Conjuration/Fire             4
   f - Fireball                       Conjuration/Fire             5
Comestibles
 c - 4 bread rations
 h - a slice of pizza
 l - a royal jelly
 m - 13 fruits
 p - a beef jerky
 q - a meat ration


   Skills:
 - Level 1.0 Fighting
 - Level 2.0 Dodging
 - Level 5.0 Unarmed Combat
 - Level 2.0 Spellcasting
 - Level 8.0 Transmutations
 + Level 3.4 Ice Magic
 - Level 3.4 Poison Magic


You had one spell level left.
You knew the following spells:

 Your Spells              Type           Power        Failure   Level  Hunger
a - Beastly Appendage     Trmt           #####.       1%          1    #......
b - Sticks to Snakes      Trmt           #####.....   1%          2    ##.....
c - Spider Form           Trmt/Pois      ####......   4%          3    ###....
d - Ice Form              Ice/Trmt       ####....     17%         4    #####..


Dungeon Overview and Level Annotations

Branches:
Dungeon (7/15)             Temple (1/1) D:5

Altars:
Ashenzari
Dithmenos
Elyvilon
Fedhas
Gozag
Kikubaaqudgha
Makhleb
Nemelex Xobeh
Ru
Sif Muna
Trog
Vehumet
Xom
Yredelemnul
Zin
The Shining One

Shops:
D:3 *   D:4 *


Innate Abilities, Weirdness & Mutations

You cannot wear most types of armour.
You are amphibious.
You can wear up to eight rings at the same time.
You can use your tentacles to constrict eight enemies at once.
Your skin changes colour to match your surroundings (Stealth).
Your rubbery body absorbs attacks (AC +1).
You are slightly vulnerable to magic.


Message History

Your adder closely misses the spriggan baker.
Your adder misses the spriggan baker. The spriggan baker closely misses you.
Casting: Sticks to Snakes
Confirm with . or Enter, or press ? or * to list all spells.
You create a snake!
Your adder misses the spriggan baker.
Your adder bites the spriggan baker.
The spriggan baker is poisoned.
Your adder poisons the spriggan baker!
The spriggan baker hits you but does no damage.
Your adder misses the spriggan baker. Your adder misses the spriggan baker.
Your adder closely misses the spriggan baker.
Your adder barely misses the spriggan baker.
Your ball python closely misses the spriggan baker.
Your ball python barely misses the spriggan baker.
The spriggan baker hits your ball python with a dagger.
Your ball python dies!
Your adder misses the spriggan baker. x2
Your adder barely misses the spriggan baker.
The spriggan baker hits you with a dagger.
You die...

.PPPPP...........
..PPP.#........# ..
.....#.#...)....##....
#....#.#..............
#......#........###...
#....#'#........#
#...........#####
#...........#
#....@S.<...### #
####.iSS..#.#.#%# #
#..S.....'..%# ...
##############..# ..
##+#######.####
#....S........+
###.......##.####
#$........# #


You could see a spriggan baker, 3 friendly adders and a friendly ball python.

Vanquished Creatures
  Edmund (D:6)
  A phantom (D:6)
  An ogre (D:6)
  2 jellies
  A giant frog skeleton (D:6)
  2 hounds
  2 orc priests
  3 orc wizards (D:6)
  2 worker ants (D:4)
  An iguana (D:6)
  3 adders
  A shadow imp (D:5)
  4 oozes
  3 worms
  8 giant geckos
  21 orcs
  11 bats
  7 giant cockroaches
  10 hobgoblins
  14 kobolds
  4 ball pythons
  A giant gecko skeleton (D:5)
  9 giant newts
  9 goblins
  2 quokkas
  13 rats
136 creatures vanquished.

Vanquished Creatures (collateral kills)
  A shadow (D:7)
  Menkaure (D:6)
  An ice beast (D:6)
  An ogre (D:4)
  3 scorpions
  A jelly (D:6)
  An orc priest (D:3)
  2 worker ants (D:4)
  An iguana (D:7)
  3 adders
  An adder zombie (D:7)
  5 orcs
  A kobold (D:4)
22 creatures vanquished.

Vanquished Creatures (others)
  A human (D:3)
1 creature vanquished.

Grand Total: 159 creatures vanquished

Notes
Turn   | Place    | Note
--------------------------------------------------------------
     0 | D:1      | sose, the Octopode Transmuter, began the quest for the Orb.
     0 | D:1      | Reached XP level 1. HP: 13/13 MP: 3/3
   205 | D:1      | Reached XP level 2. HP: 18/18 MP: 3/5
   692 | D:1      | Learned a level 2 spell: Sticks to Snakes
   719 | D:1      | Reached skill level 4 in Unarmed Combat
   846 | D:1      | Reached XP level 3. HP: 20/23 MP: 4/6
   986 | D:1      | Learned a level 3 spell: Spider Form
  1900 | D:2      | Reached XP level 4. HP: 26/28 MP: 7/7
  2826 | D:3      | Found a shadowy altar of Dithmenos.
  2829 | D:3      | Reached skill level 5 in Unarmed Combat
  2892 | D:3      | Found Gozag's Platinum Reserve.
  2895 | D:3      | Found an opulent altar of Gozag.
  3002 | D:3      | Reached XP level 5. HP: 21/33 MP: 3/8
  3671 | D:3      | Found an ancient bone altar of Kikubaaqudgha.
  3671 | D:3      | Noticed a human
  3675 | D:3      | Killed a human
  4583 | D:4      | Reached skill level 1 in Poison Magic
  4583 | D:4      | Reached XP level 6. HP: 21/38 MP: 5/9
  4926 | D:4      | Noticed an ogre
  4972 | D:4      | Killed an ogre
  5503 | D:4      | Found Jiakij's General Store.
  5741 | D:4      | Reached skill level 5 in Transmutations
  5977 | D:5      | Entered Level 5 of the Dungeon
  6228 | D:5      | Reached XP level 7. HP: 31/43 MP: 8/10
  6726 | D:5      | Found a staircase to the Ecumenical Temple.
  6732 | Temple   | Entered the Ecumenical Temple
  6852 | Temple   | Became a worshipper of Ru the Awakened
  7191 | D:6      | Noticed Menkaure
  7203 | D:6      | Killed Menkaure
  7284 | D:6      | Reached skill level 6 in Transmutations
  7874 | D:6      | Noticed Edmund
  7939 | D:6      | HP: 2/43 [Edmund/dire flail of protection (14)]
  7940 | D:6      | Killed Edmund
  7940 | D:6      | Reached skill level 7 in Transmutations
  7940 | D:6      | Reached XP level 8. HP: 2/48 MP: 11/11
  8382 | D:6      | HP: 1/48 [orc/whip (5)]
  8915 | D:6      | Learned a level 4 spell: Ice Form
  8972 | D:6      | Reached skill level 8 in Transmutations
  9220 | D:6      | Reached skill level 1 in Ice Magic
  9225 | D:6      | Found a glowing golden altar of the Shining One.
  9232 | D:6      | Found a basalt altar of Yredelemnul.
 10073 | D:7      | Gained mutation: You are slightly vulnerable to magic. [Ru sacrifice]
 10073 | D:7      | Acquired Ru's first power
 10166 | D:7      | Paralysed by a wasp for 2 turns
 10174 | D:7      | Paralysed by a wasp for 1 turns
 10175 | D:7      | Found a blossoming altar of Fedhas.
 10196 | D:7      | HP: 2/48 [spriggan baker/dagger (7)]
 10204 | D:7      | Slain by a spriggan baker

Action                   |  1- 3 |  4- 6 |  7- 9 || total
-------------------------+-------+-------+-------++-------
Melee: Unarmed           |   106 |   164 |   129 ||   399
 Cast: Beastly Appendage |    14 |    11 |     6 ||    31
       Sticks to Snakes  |     3 |    29 |    46 ||    78
       Spider Form       |       |     3 |     6 ||     9
Invok: Sacrifice Essence |       |       |     1 ||     1
  Use: Potion            |     2 |       |     3 ||     5
       Scroll            |       |     6 |     2 ||     8
 Stab: Sleeping          |     4 |     6 |     4 ||    14
       Distracted        |       |     1 |     3 ||     4
  Eat: Chunk             |     6 |    23 |    13 ||    42
